 Dungeon Crawl Stone Soup version 0.31-a0-1267-gfedaa18580 (webtiles) character file.

Game seed: 13949926050117152831

41 grandjackal the Slasher (level 3, 0/31 HPs)
             Began as a Draconian Gladiator on Dec 17, 2023.
             Killed from afar by Sigmund (7 damage)
             ... with a puff of flame
             ... on level 2 of the Dungeon.
             The game lasted 00:01:13 (938 turns).

grandjackal the Slasher (Draconian Gladiator)        Turns: 938, Time: 00:01:15

Health: 0/31       AC:  5    Str: 16    XL:     3   Next: 32%
Magic:  3/3        EV: 13    Int:  8    God:
Gold:   63         SH:  5    Dex: 14    Spells: 2/2 levels left

rFire   . . .        a - +0 long sword
rCold   . . .        (no shield)
rNeg    . . .        (body armour unavailable)
rPois   .            b - +0 hat
rElec   .            (no cloak)
rCorr   .            (no gloves)
SInv    .            (no boots)
Will    .....        m - amulet of reflection
Stlth   +            g - ring of flight
HPRegen 0.25/turn    (no ring)
MPRegen 0.08/turn

%: reflection
@: flying
A: AC +5, unfitting armour, cold-blooded
a: no special abilities


You were on level 2 of the Dungeon.
You visited 1 branch of the dungeon, and saw 2 of its levels.

You collected 63 gold pieces.

Inventory:

Hand Weapons
 a - a +0 long sword (weapon)
Missiles
 c - a throwing net (quivered)
 d - a javelin
Armour
 b - a +0 hat (worn)
Jewellery
 g - a ring of flight (left hand)
 m - an amulet of reflection (around neck)
Scrolls
 e - a scroll of revelation {unknown}
 f - 2 scrolls of amnesia {unknown}
 h - a scroll of identify {unknown}
Potions
 i - a potion of magic {unknown}
 j - a potion of curing {unknown}
 k - a potion of enlightenment {unknown}
 l - a potion of brilliance {unknown}


   Skills:
 + Level 3.0 Fighting
 + Level 3.4 Long Blades
 - Level 2.0 Throwing
 + Level 3.1 Dodging


You had 2 spell levels left.
You didn't know any spells.
Your spell library contained the following spells:

 Spells                   Type           Power      Damage    Failure   Level
 Cigotuvi's Dreadful Rot  Necr/Pois/Air  0%         N/A       54%         2
 Ignite Poison            Fire/Tmut/Pois 0%         N/A       78%         3
 Freezing Cloud           Conj/Ice/Air   0%         6-21      100%        5


Dungeon Overview and Level Annotations

Branches:
Dungeon (2/15)

Altars:

Shops:
D:1 :

Annotations:
D:2 Sigmund


Innate Abilities, Weirdness & Mutations

Your plain brown scales are hard. (AC +5)
You cannot fit into any form of body armour.
You are cold-blooded and may be slowed by cold attacks.


Message History

You tail-slap Sigmund, but do no damage.
Sigmund is lightly wounded.
You block the goblin's attack.
Sigmund struggles against the net.
The goblin hits you with a +0 dagger.
* * * LOW HITPOINT WARNING * * *
You hit Sigmund but do no damage. You tail-slap Sigmund.
Sigmund is lightly wounded.
Sigmund struggles against the net.
The goblin barely misses you.
You hit Sigmund but do no damage. You tail-slap Sigmund.
Sigmund is moderately wounded.
Sigmund struggles against the net.
The goblin misses you.
You hit Sigmund.
Sigmund is moderately wounded.
Sigmund struggles against the net.
The net rips apart, and Sigmund comes free!
The goblin hits you with a +0 dagger.
* * * LOW HITPOINT WARNING * * *
You block Sigmund's attack.
Throw: 2 throwing nets
Press: ? - help, Q - select action, (/) - cycle Shift-Dir - straight line, f/p - Sigmund
Aim: Sigmund, wielding a +0 vampiric scythe and wearing a +0 robe (moderately wounded, 53% to hit)
You throw a throwing net. The throwing net hits Sigmund.
Sigmund is caught in the net!
Sigmund is moderately wounded.
The goblin hits you but does no damage.
You hit Sigmund. You tail-slap Sigmund.
Sigmund is heavily wounded.
The goblin closely misses you.
Sigmund struggles against the net.
You slash Sigmund!
Sigmund is severely wounded.
The goblin closely misses you.
Sigmund struggles against the net.
The goblin completely misses you.
You hit Sigmund.
You tail-slap Sigmund, but do no damage.
Sigmund is almost dead.
Sigmund struggles against the net.
You block the goblin's attack. Sigmund gestures at you while chanting.
The puff of flame hits you!
You die...
Sigmund begins carving another notch in his scythe.

........ .......
...... ....##
(...####.. . gg...[...
# . #@g..##. .#.
#@##... ..##
#..#..#######..###
##.##)............
#####......#####.....
#...............<...#
...###...............#
# ##.##............
#>..............
####............


You could see Sigmund (caught), a hobgoblin and 2 goblins.

Vanquished Creatures
  A dart slug (D:1)
  2 bats (D:1)
  2 giant cockroaches (D:1)
  5 goblins (D:1)
  9 hobgoblins (D:1)
  A kobold (D:1)
  5 quokkas (D:1)
  2 ball pythons (D:1)
  2 frilled lizards
  5 rats
34 creatures vanquished.

Notes
Turn   | Place    | Note
-------+----------+-------------------------------------------
     0 | D:1      | grandjackal the Draconian Gladiator began the quest for the
                  | Orb.
     0 | D:1      | Reached XP level 1. HP: 17/17 MP: 1/1
   109 | D:1      | Reached XP level 2. HP: 22/25 MP: 2/2
   130 | D:1      | Found Kuplun's Book Boutique.
   415 | D:1      | Reached XP level 3. HP: 30/30 MP: 3/3
   915 | D:2      | Noticed Sigmund
   938 | D:2      | Killed from afar by Sigmund

Illustrated notes

Levels and vault maps discovered:
D:1:      dpeg_arrival_morbid_curiosity, layout_loops_cross, serial_shops, shop,
          minmay_misc_feat_nine_boxes, corexii_item_surrounded_by_moat,
          corner_web_ring, minmay_tromino_v7
D:2:      layout_rooms, amcnicky_mini_pool_small, grunt_decor_arrowhead,
          wander_ebering_terrifying_dragon_lair, uniq_sigmund

Skill      XL: |  1  2  3 |
---------------+----------+-----
Throwing       | 2 |  2.0
Dodging        | 3 |  3.1
Fighting       | 3 |  3.0
Long Blades    | |  3.4

Action                     || total
---------------------------++-------
  Melee: Long sword        ||   105
         Tailslap          ||    14
  Throw: Throwing net      ||     2
   Stab: Sleeping          ||     3
 Armour: Skin              ||    63
  Dodge: Dodged            ||    73
  Block: Other             ||     4

Table legend: (Time is in decaauts)
 A = Elapsed time spent in this place.
 B = Non-inter-level travel time spent in this place.
 C = Inter-level travel time spent in this place.
 D = Time resting spent in this place.
 E = Time spent auto-exploring this place.
 F = Levels seen in this place.
 G = Mean time per level.
                   A        B        C        D        E       F      G
               +--------+--------+--------+--------+--------+-----+--------+
         Total |    962 |    951 |     11 |     38 |    669 |   2 |  481.0 |
       Dungeon |    962 |    951 |     11 |     38 |    669 |   2 |  481.0 |
               +--------+--------+--------+--------+--------+-----+--------+

Top non-repeatable levels by time:
     D:1: 916 daAuts
     D:2: 45 daAuts
